 Dungeon Crawl Stone Soup version 0.31-a0-236-g9a0961fb85 (webtiles) character file.

Game seed: 4256499064145796742

50527 porpoise the Skirmisher (level 14, -2/86 HPs)
             Began as a Kobold Hunter on July 11, 2023.
             Was a High Priest of Hepliaklqana.
             Slain by a death yak simulacrum (19 damage)
             ... in an ice cave.
             The game lasted 01:07:42 (18982 turns).

porpoise the Skirmisher (Kobold Hunter)            Turns: 18982, Time: 01:07:43

Health: -2/86      AC: 14    Str:  4    XL:     14   Next: 97%
Magic:  19/19      EV: 28    Int: 18    God:    Hepliaklqana [*****.]
Gold:   1264       SH:  0    Dex: 26    Spells: 12/19 levels left

rFire   + . .        a - +4 orcbow (drain)
rCold   + . .        (shield currently unavailable)
rNeg    . . .        V - +2 robe {Will+}
rPois   .            D - +2 helmet
rElec   .            Z - +1 cloak
rCorr   +            i - +1 pair of gloves
SInv    .            j - +1 pair of boots "Nezup" {Fly Regen+ Int+6 Dex-2}
Will    +++..        b - amulet of Jera {rF+ Will+ Regen+ rCorr Str-4}
Stlth   ++++++       t - ring of protection from cold
HPRegen 1.94/turn    l - +6 ring of dexterity
MPRegen 0.16/turn

%: no passive effects
@: flying
A: reduced essence, small, no large weapons, nightstalker 3
a: Renounce Religion, Recall Ancestor, Ancestor Identity, Transference, Idealise


You were in an ice cave.
You worshipped Hepliaklqana.
Hepliaklqana was extremely pleased with you.
You visited 3 branches of the dungeon, and saw 19 of its levels.
You also visited: Sewer and Ice Cave.

You collected 1348 gold pieces.
You spent 84 gold pieces at shops.

Inventory:

Hand Weapons
 a - a +4 orcbow of draining (weapon)
Missiles
 x - 3 poisoned darts
 A - 2 curare-tipped darts
Armour
 i - a +1 pair of gloves (worn)
 j - the +1 pair of boots "Nezup" (worn) {Fly Regen+ Int+6 Dex-2}
   (You acquired it on level 5 of the Dungeon)

   Int:       It affects your intelligence (+6).
   Dex:       It affects your dexterity (-2).
   Fly:       It grants you flight.
   Regen:     It increases your rate of health regeneration.
 D - a +2 helmet (worn)
 V - a +2 robe of willpower (worn)
 Z - a +1 cloak (worn)
Jewellery
 b - the amulet of Jera (around neck) {rF+ Will+ Regen+ rCorr Str-4}
   (You found it on level 2 of the Lair of Beasts)

   [amulet of regeneration]

   Str:       It affects your strength (-4).
   rF:        It protects you from fire.
   Regen:     It increases your rate of health regeneration.
   rCorr:     It protects you from acid and corrosion.
   Will:      It increases your willpower.
 d - a ring of positive energy
 l - a +6 ring of dexterity (right hand)
 t - a ring of protection from cold (left hand)
 O - a ring of fire
Wands
 r - a wand of digging (13)
 s - a wand of flame (6)
 v - a wand of charming (24)
 F - a wand of roots (6)
 Q - a wand of light (13)
 S - a wand of mindburst (27)
Scrolls
 c - 2 scrolls of fog
 e - 5 scrolls of vulnerability
 g - a scroll of fear
 k - 9 scrolls of teleportation
 o - a scroll of immolation
 p - a scroll of butterflies
 q - a scroll of enchant armour
 u - a scroll of blinking
 y - a scroll of summoning {unknown}
 K - 3 scrolls of poison
Potions
 h - 8 potions of curing
 m - 2 potions of enlightenment
 n - 3 potions of lignification
 w - 3 potions of heal wounds
 z - 2 potions of berserk rage
 B - 2 potions of attraction
 E - 3 potions of haste
 G - 3 potions of resistance
 J - 2 potions of ambrosia
 M - 3 potions of might
 T - a potion of cancellation
Miscellaneous
 W - a lightning rod (4/4)


   Skills:
 - Level 14.0 Fighting
 * Level 14.8 Ranged Weapons
 - Level 7.0 Armour
 + Level 13.2 Dodging
 - Level 9.0 Stealth
 - Level 3.0 Spellcasting
 - Level 3.7 Conjurations
 - Level 7.0 Translocations
 - Level 7.0 Invocations
 + Level 5.5 Evocations


You had 12 spell levels left.
You knew the following spells:

 Your Spells              Type           Power      Damage    Failure   Level
k - Blink                 Tloc           54%        N/A       1%          2
r - Irradiate             Conj/Tmut      4%         3d13      91%         5

Your spell library contained the following spells:

 Spells                   Type           Power      Damage    Failure   Level
 Magic Dart               Conj           64%        1d6       3%          1
 Foxfire                  Conj/Fire      36%        2x1d5     8%          1
 Kiss of Death            Conj/Necr      36%        2d8       8%          1
 Manifold Assault         Tloc           27%        N/A       9%          4
 Volatile Blastmotes      Fire/Tloc      30%        2d12      12%         3
 Beastly Appendage        Tmut           4%         N/A       16%         1
 Necrotise                Necr           8%         1d4       16%         1
 Summon Small Mammal      Summ           8%         N/A       16%         1
 Iskenderun's Mystic Bla  Conj/Tloc      22%        2d6       19%         4
 Call Imp                 Summ           4%         N/A       24%         2
 Cigotuvi's Dreadful Rot  Necr/Pois/Air  4%         N/A       24%         2
 Sublimation of Blood     Necr           2%         N/A       24%         2
 Wereblood                Tmut           2%         N/A       24%         2
 Mephitic Cloud           Conj/Pois/Air  7%         N/A       28%         3
 Call Canine Familiar     Summ           2%         N/A       43%         3
 Confusing Touch          Hex            2%         N/A       43%         3
 Ignite Poison            Fire/Tmut/Pois 2%         N/A       43%         3
 Spider Form              Tmut/Pois      2%         N/A       43%         3
 Summon Guardian Golem    Hex/Summ       2%         N/A       43%         3
 Vampiric Draining        Necr           2%         2d6       43%         3
 Fulminant Prism          Conj/Hex       4%         3d5       58%         4
 Cause Fear               Hex            1%         N/A       85%         4
 Dispel Undead            Necr           2%         3d7       85%         4
 Leda's Liquefaction      Hex/Erth       1%         N/A       85%         4
 Petrify                  Tmut/Erth      2%         N/A       85%         4
 Fireball                 Conj/Fire      4%         3d4       91%         5
 Freezing Cloud           Conj/Ice/Air   3%         6-21      95%         5
 Agony                    Necr           2%         N/A       99%         5
 Lee's Rapid Deconstruct  Erth           1%         3d4*      99%         5
 Death Channel            Necr           1%         N/A       100%        6
 Leda's Unmaking          Conj/Erth      4%         9d2       100%        6
 Plasma Beam              Fire/Air       1%         2x1d11    100%        6
 Starburst                Conj/Fire      4%         6d4       100%        6
 Statue Form              Tmut/Erth      1%         N/A       100%        6
 Dragon Form              Tmut           1%         N/A       100%        7
 Orb of Destruction       Conj           8%         9d6       100%        7
 Spellforged Servitor     Conj/Summ      4%         N/A       100%        7
 Storm Form               Tmut/Air       1%         N/A       100%        7
 Dragon's Call            Summ           1%         N/A       100%        9


Dungeon Overview and Level Annotations

Branches:
Dungeon (13/15)            Temple (1/1) D:6            Lair (5/5) D:10
 Shoals (0/4) Lair:2       Spider (0/4) Lair:2        Slime (0/5) Lair:5
    Orc (0/2) D:12          Sewer (visited)           IceCv (1/1)
 Vaults: D:13-14

Altars:
Ashenzari
Cheibriados
Dithmenos
Elyvilon
Fedhas
Gozag
Hepliaklqana
Kikubaaqudgha
Makhleb
Nemelex Xobeh
Okawaru
Qazlal
Ru
Sif Muna
Trog
Uskayaw
Vehumet
Wu Jian
Xom
Yredelemnul
Zin
The Shining One
Lugonu

Shops:
D:10 !   D:12 (

Portals:
Abyss: Lair:5

Annotations:
D:5 Ijyb
D:10 3 runed translucent doors, zazu2006's ghost, journeyman GnWn


Innate Abilities, Weirdness & Mutations

Your life essence is reduced to manifest your ancestor. (-10% HP)
You are small and have problems with some larger weapons.
You are completely attuned to the shadows.


Message History

You shoot an arrow.
The arrow hits the death yak simulacrum!
The death yak simulacrum vaporises!
You shoot an arrow.
The arrow hits the death yak simulacrum.
The death yak simulacrum is lightly damaged.
You shoot an arrow.
The arrow hits the death yak simulacrum!!
The death yak simulacrum is heavily damaged.
You shoot an arrow.
The arrow completely misses the death yak simulacrum.
The death yak simulacrum gores you! The death yak simulacrum freezes you!
You resist. The death yak simulacrum gores you!
The death yak simulacrum freezes you! You resist.
You are too injured to fight recklessly!
You are too injured to fight recklessly!
You are too injured to fight recklessly!
You are too injured to fight recklessly!
You are too injured to fight recklessly!
You are too injured to fight recklessly!
You shoot an arrow.
The arrow hits the death yak simulacrum!
The death yak simulacrum is severely damaged.
The death yak simulacrum gores you! The death yak simulacrum freezes you!
You resist.
* * * LOW HITPOINT WARNING * * *
The death yak simulacrum gores you but does no damage.
You shoot an arrow.
The arrow hits the death yak simulacrum.
The death yak simulacrum is almost destroyed.
The polar bear simulacrum misses you.
The polar bear simulacrum closely misses you.
The polar bear simulacrum misses you.
You shoot an arrow.
The arrow hits the death yak simulacrum but does no damage.
The death yak simulacrum is almost destroyed.
The death yak simulacrum gores you.
* * * LOW HITPOINT WARNING * * *
The death yak simulacrum freezes you!! You resist.
You die...

#####
##...##
##..∩..##
#.......#
#...@...#
##.ZZZ.##
##...##
#...#
##...


You could see 2 death yak simulacra and a polar bear simulacrum.

Vanquished Creatures
  2 hydras (Lair:4)
  A boulder beetle (D:12)
  3 thrashing horrors (Lair:5)
  A skyshark (Lair:3)
  A fire crab (Lair:5)
  Pikel (D:5)
  2 cyclopes (D:11)
  2 ugly things
  A manticore (Lair:2)
  11 elephants
  A black mamba (Lair:5)
  A guardian serpent (D:12)
  6 cane toads
  3 smoke demons (Lair:5)
  3 komodo dragons
  2 unseen horrors
  2 rime drakes
  An efreet (D:11)
  An ancient zyme (Lair:5)
  2 trolls
  Prince Ribbit (D:4)
  22 blink frogs
  3 jumping spiders (Lair:2)
  A wraith (D:13)
  A ynoxinul (Lair:5)
  4 wyverns
  A slime creature (Lair:5)
  49 yaks
  A redback (Lair:2)
  A steam dragon (D:9)
  2 death yak simulacra
  6 basilisks
  2 chaos spawn (Lair:5)
  A large abomination (Lair:5)
  6 vampire mosquitoes
  8 water moccasins
  2 orc warriors
  An ice beast (D:5)
  5 black bears
  6 wolves
  13 small abominations (Lair:5)
  7 centaurs
  A lemure (D:5)
  2 phantoms
  7 kobold brigands
  14 bullfrogs
  A gnoll sergeant (D:10)
  2 scorpions
  3 two-headed ogre simulacra (D:13)
  8 wights
  An elephant simulacrum (D:13)
  4 killer bees (D:9)
  9 electric eels
  6 hounds
  3 jellies
  4 orc priests
  A gnoll bouda (D:7)
  3 sleepcaps
  An iguana (D:6)
  12 orc wizards
  2 troll simulacra (D:13)
  A wolf simulacrum (D:13)
  10 gnolls
  8 adders
  A river rat (Sewer)
  2 white imps
  An ufetubus (D:6)
  A worm (D:2)
  30 orcs
  8 endoplasms
  3 giant cockroaches (D:5)
  7 goblins
  4 hobgoblins
  8 jackals
  6 quokkas
  11 ball pythons
  3 bats
  12 frilled lizards
  39 kobolds
  8 rats
437 creatures vanquished.

Vanquished Creatures (collateral kills)
  A hydra (Lair:5)
  A catoblepas (Lair:5)
  Erica (D:8)
  A deep elf pyromancer (D:12)
  An ugly thing (Lair:5)
  An elephant (Lair:1)
  2 black mambas
  8 cane toads
  An unseen horror (D:12)
  A wind drake (Lair:2)
  5 blink frogs
  A slime creature (Lair:5)
  3 large abominations (Lair:5)
  5 yaks
  A shadow (D:12)
  A steam dragon (Lair:4)
  A vampire mosquito (D:11)
  4 water moccasins
  A black bear (Lair:4)
  2 wolves
  2 kobold brigands (D:9)
  5 bullfrogs
  3 wights
  2 killer bees (D:9)
  An electric eel (Lair:1)
  2 small abominations (Lair:5)
  2 hounds (D:10)
  3 orc wizards
  A gnoll (D:10)
  2 orcs
  A kobold (D:11)
66 creatures vanquished.

Vanquished Creatures (others)
  A blink frog (Lair:5)
  6 knights
  An ancestor (D:9)
8 creatures vanquished.

Grand Total: 511 creatures vanquished

Notes
Turn   | Place    | Note
-------+----------+-------------------------------------------
     0 | D:1      | porpoise the Kobold Hunter began the quest for the Orb.
     0 | D:1      | Reached XP level 1. HP: 12/12 MP: 1/1
   193 | D:1      | Reached XP level 2. HP: 18/18 MP: 2/2
   466 | D:1      | Found a faded altar of an unknown god.
   728 | D:2      | Reached XP level 3. HP: 22/22 MP: 3/3
  1178 | D:3      | Reached XP level 4. HP: 28/28 MP: 4/4
  1270 | D:3      | Reached XP level 5. HP: 24/32 MP: 5/5
  1509 | D:3      | Found a snail-covered altar of Cheibriados.
  1514 | D:3      | Found a sparkling altar of Nemelex Xobeh.
  1604 | D:3      | Found a bloodstained altar of Trog.
  1879 | D:3      | Reached XP level 6. HP: 38/38 MP: 6/6
  2491 | D:4      | Found a stormy altar of Qazlal.
  2977 | D:5      | Entered Level 5 of the Dungeon
  2979 | D:5      | Identified a scroll of acquirement
  2979 | D:5      | Acquired the +1 pair of boots "Nezup" {Fly Regen+ Int+6
                  | Dex-2}
  2987 | D:5      | Noticed Prince Ribbit
  2991 | D:5      | Noticed Ijyb
  3003 | D:4      | Killed Prince Ribbit
  3004 | D:4      | Reached skill level 5 in Fighting
  3004 | D:4      | Reached XP level 7. HP: 14/44 MP: 7/7
  3257 | D:5      | Found a glowing drain.
  3269 | Sewer    | Entered a sewer
  3394 | Sewer    | Reached skill level 10 in Ranged Weapons
  3587 | Sewer    | Reached XP level 8. HP: 25/51 MP: 8/8
  3945 | D:5      | Found a basalt altar of Yredelemnul.
  3968 | D:5      | Found an iron altar of Okawaru.
  4215 | D:5      | Noticed Pikel
  4221 | D:5      | Killed Pikel
  4224 | D:5      | Reached XP level 9. HP: 53/57 MP: 9/9
  4943 | D:6      | Learned a level 2 spell: Blink
  4949 | D:6      | Learned a level 5 spell: Irradiate
  5376 | D:6      | Found a staircase to the Ecumenical Temple.
  5382 | Temple   | Entered the Ecumenical Temple
  5547 | Temple   | Became a worshipper of Hepliaklqana the Forgotten
  5707 | D:7      | Reached skill level 1 in Armour
  5937 | D:6      | Reached XP level 10. HP: 34/63 MP: 10/10
  5944 | D:6      | Reached skill level 5 in Stealth
  5945 | D:6      | Reached skill level 5 in Dodging
  6633 | D:8      | Found a shimmering altar of Xom.
  6687 | D:8      | Found a sacrificial altar of Ru.
  7314 | D:8      | Reached * piety under Hepliaklqana
  7389 | D:8      | Noticed Erica
  7395 | D:8      | Killed Erica
  7396 | D:8      | Reached XP level 11. HP: 54/60 MP: 11/11
  7731 | D:9      | Found a glowing golden altar of the Shining One.
  7771 | D:9      | Reached skill level 5 in Armour
  7966 | D:9      | Identified the +3 sling of the End of Times {elec, rC-
                  | Str+5 Dex+3 SInv}
  8557 | D:10     | Entered Level 10 of the Dungeon
  8821 | D:10     | Reached ** piety under Hepliaklqana
  8822 | D:10     | Remembered your ancestor Nikki as a knight
  8835 | D:10     | Found a staircase to the Lair.
  9120 | D:10     | Found Woxoew's Distillery.
  9125 | D:10     | Bought a potion of curing for 42 gold pieces
  9125 | D:10     | Bought a potion of curing for 42 gold pieces
  9364 | D:10     | Found a runed translucent gate.
  9364 | D:10     | Found a runed translucent gate.
  9364 | D:10     | Found a runed translucent gate.
  9366 | D:10     | Found an opulent altar of Gozag.
  9366 | D:10     | Noticed a death knight
  9370 | D:10     | Noticed zazu2006's ghost (journeyman GnWn)
  9585 | D:10     | Found a shimmering blue altar of Sif Muna.
  9588 | D:10     | Found an ornate altar of the Wu Jian Council.
  9591 | D:10     | Found a burning altar of Makhleb.
  9640 | Lair:1   | Entered Level 1 of the Lair of Beasts
  9799 | Lair:1   | Reached skill level 1 in Invocations
  9799 | Lair:1   | Reached skill level 1 in Evocations
 10045 | Lair:1   | Noticed an elephant
 10047 | Lair:1   | Noticed an elephant
 10048 | Lair:1   | Noticed an elephant
 10063 | Lair:1   | Killed an elephant
 10067 | Lair:1   | Killed an elephant
 10188 | Lair:1   | Reached XP level 12. HP: 48/64 MP: 14/14
 10234 | Lair:1   | HP: 1/64 [cane toad (13)]
 10328 | Lair:1   | Reached skill level 5 in Evocations
 10421 | Lair:1   | Reached skill level 5 in Invocations
 11029 | Lair:2   | Identified the amulet of Jera {rF+ Will+ Regen+ rCorr
                  | Str-4}
 11235 | Lair:2   | Reached skill level 1 in Spellcasting
 11385 | Lair:2   | Reached skill level 10 in Fighting
 11395 | Lair:2   | Found a hole to the Spider Nest.
 11426 | Lair:2   | Reached *** piety under Hepliaklqana
 11460 | Lair:2   | Found a staircase to the Shoals.
 11770 | Lair:3   | Noticed a skyshark
 11778 | Lair:3   | Killed a skyshark
 11799 | Lair:2   | Reached skill level 10 in Dodging
 11845 | Lair:3   | Reached skill level 1 in Translocations
 11919 | Lair:3   | Reached XP level 13. HP: 74/74 MP: 17/17
 12984 | Lair:4   | Reached **** piety under Hepliaklqana
 13267 | Lair:4   | Noticed a four-headed hydra
 13273 | Lair:4   | Killed a four-headed hydra
 13429 | Lair:4   | Reached skill level 5 in Translocations
 13772 | Lair:5   | Entered Level 5 of the Lair of Beasts
 13795 | Lair:5   | Found a staircase to the Slime Pits.
 13849 | Lair:5   | Noticed a five-headed hydra
 13893 | Lair:4   | Killed a five-headed hydra
 14236 | Lair:5   | Reached XP level 14. HP: 31/82 MP: 18/18
 15227 | Lair:5   | Reached skill level 1 in Conjurations
 15725 | Lair:5   | Found a corrupted altar of Lugonu.
 15737 | Lair:5   | Found a one-way gate to the infinite horrors of the Abyss.
 16630 | D:11     | Reached ***** piety under Hepliaklqana
 17874 | D:12     | Found Vifaed's Weapon Emporium.
 17875 | D:12     | Found a staircase to the Orcish Mines.
 18941 | D:13     | Found a frozen archway.
 18970 | IceCv    | Entered an ice cave
 18982 | IceCv    | Slain by a death yak simulacrum

Illustrated notes

Levels and vault maps discovered:
D:1:      lemuel_arrival_river_ford, layout_basic,
          hellmonk_ecumenical_altar_leap_of_faith
D:2:      layout_rooms
D:3:      minmay_wonky_spiral, layout_loops_cross, jmf_multi_god_temple,
          bloody_trog, serial_bayou_pond_b
D:4:      layout_loops_ring, mainiacjoe_overflow_paths
D:5:      layout_gridville, kennysheep_okawaru_gauntlet,
          yredelemnul_altar_generic, gup_sewer_entry_pipe, uniq_pikel,
          uniq_prince_ribbit1, uniq_ijyb
D:6:      layout_loops_ring, minmay_temple_entry_enclosed_plants
D:7:      layout_cave_pools
D:8:      layout_cave_pods, brannock_xom_greatest_gift, kennysheep_mini,
          uniq_erica
D:9:      layout_loops_ring, nicolae_tso_swordbearing_angel
D:10:     layout_long_grid, grunt_temple_overflow_diamond, erik_lair_island,
          serial_shops, nicolae_shop_industrial_runoff, ebering_ghost_gozag
D:11:     layout_stronghold, minmay_microvault
D:12:     layout_rooms, orc_david_3, serial_bayou, serial_bayou_shore_b,
          serial_bayou_lake_a, serial_bayou_shore_a, serial_bayou_shore_b,
          serial_bayou_lagoon_a, serial_bayou_lagoon_b,
          chequers_decorated_corner, minmay_misc_feat_hallway,
          nrook_guardian_serpent_ordinary
D:13:     layout_stronghold, portal_ice_cave_entry_ice_simulacra
Temple:   hellmonk_temple_flake
Lair:1:   layout_cave_pods, guppyfry_lair_drakes, serial_bayou_shore_b,
          grunt_megastairs_5
Lair:2:   layout_hall_layers, minmay_shoals_entry_beasts, spider_nest_entry_a,
          beast_lair_carwin_5
Lair:3:   layout_gridlike, grunt_megastairs_1, serial_bayou_shore_b
Lair:4:   layout_cave_shapes, chequers_serial_rivers_micro_c,
          grunt_megastairs_3, infiniplex_staircase_pool
Lair:5:   hellmonk_lair_end_abyssal_woods, layout_loops_ring,
          minmay_slime_entry_pillars, chequers_serial_rivers_micro_a
IceCv:    ice_cave_small_necro

Skill      XL: |  1  2  3  4  5  6  7  8  9 10 11 12 13 14 |
---------------+-------------------------------------------+-----
Ranged Weapons | 6 7 9 10 12 14 | 14.8
Fighting       | 3 4 5 7 10 12 14 | 14.0
Stealth        | 4 8 9 |  9.0
Armour         | 2 4 7 |  7.0
Dodging        | 4 7 9 10 12 13 | 13.2
Invocations    | 3 5 7 |  7.0
Evocations     | 4 5 |  5.5
Spellcasting   | 3 |  3.0
Translocations | 1 6 7 |  7.0
Conjurations   | 3 |  3.7

Action                     |  1- 3 |  4- 6 |  7- 9 | 10-12 | 13-15 || total
---------------------------+-------+-------+-------+-------+-------++-------
  Melee: Shortbow          |       |       |       |     1 |       ||     1
         Unarmed           |       |       |       |       |     1 ||     1
   Fire: Shortbow          |    79 |   119 |   237 |   527 |   577 ||  1539
         Orcbow            |       |       |       |       |   184 ||   184
   Cast: Blink             |       |       |       |       |     3 ||     3
 Invoke: Ancestor Identity |       |       |       |     1 |       ||     1
         Recall Ancestor   |       |       |       |     1 |       ||     1
         Ancestor Life: Kn |       |       |       |     1 |       ||     1
  Evoke: Wand              |       |       |       |       |     2 ||     2
         Lightning rod     |       |       |       |       |     3 ||     3
    Use: Scroll            |     6 |     5 |     5 |     9 |    11 ||    36
         Potion            |       |     1 |       |     2 |       ||     3
 Armour: Leather armour    |     6 |    11 |    55 |    17 |       ||    89
         Robe              |       |       |       |    45 |   111 ||   156
  Dodge: Dodged            |    20 |    39 |   110 |   235 |   455 ||   859

Table legend: (Time is in decaauts)
 A = Elapsed time spent in this place.
 B = Non-inter-level travel time spent in this place.
 C = Inter-level travel time spent in this place.
 D = Time resting spent in this place.
 E = Time spent auto-exploring this place.
 F = Levels seen in this place.
 G = Mean time per level.
                   A        B        C        D        E       F      G
               +--------+--------+--------+--------+--------+-----+--------+
         Total |  19105 |  18106 |    999 |   2577 |  12103 |  21 |  909.8 |
       Dungeon |  11744 |  11158 |    586 |   1509 |   7771 |  13 |  903.4 |
        Temple |    174 |    165 |      9 |      0 |    133 |   1 |  174.0 |
          Lair |   6501 |   6097 |    404 |    945 |   3824 |   5 | 1300.2 |
         Sewer |    676 |    676 |      0 |    123 |    375 |   1 |  676.0 |
      Ice Cave |      8 |      8 |      0 |      0 |      0 |   1 |    8.0 |
               +--------+--------+--------+--------+--------+-----+--------+

Top non-repeatable levels by time:
  Lair:5: 1985 daAuts
  Lair:1: 1612 daAuts
    D:11: 1611 daAuts
     D:8: 1210 daAuts
    D:10: 1193 daAuts
     D:6: 1189 daAuts
  Lair:4: 1144 daAuts
     D:3: 1060 daAuts
  Lair:3: 1019 daAuts
    D:12: 1013 daAuts
     D:9: 921 daAuts
     D:4: 883 daAuts
     D:5: 754 daAuts
  Lair:2: 739 daAuts
   Sewer: 676 daAuts
